 Dungeon Crawl Stone Soup version 0.26-a0-597-gb535b0901c (webtiles) character file.

Game seed: 14915151034192950091

80 Alarkh the Insei (level 4, -8/37 HPs)
             Began as a Demonspawn Monk on Sept 3, 2020.
             Mangled by an ogre
             ... wielding a +0 giant spiked club
              (21 damage)
             ... on level 2 of the Dungeon.
             The game lasted 00:01:17 (1315 turns).

Alarkh the Insei (Demonspawn Monk)                  Turns: 1315, Time: 00:01:18

Health: -8/37      AC:  2    Str: 11    XL:     4   Next: 18%
Magic:  4/4        EV: 13    Int: 13    God:
Gold:   95         SH:  0    Dex: 15    Spells: 3/3 levels left

rFire    . . .     SeeInvis .     - Unarmed
rCold    . . .     Faith    .   (no shield)
rNeg     . . .     Spirit   .   a - +0 robe
rPois    .         Reflect  .   (no helmet)
rElec    .         Harm     .   (no cloak)
rCorr    .                      (no gloves)
MR       .....                  (no boots)
Stlth    ++........             (no amulet)
HPRegen  0.12/turn              (no ring)
MPRegen  0.09/turn              (no ring)

@: stab, flying
A: spiny 1
a: no special abilities


You were on level 2 of the Dungeon.
You visited 1 branch of the dungeon, and saw 2 of its levels.

You collected 95 gold pieces.

Inventory:

Armour
 a - a +0 robe (worn)
Scrolls
 b - 3 scrolls of enchant armour {unknown}
 c - a scroll of immolation {unknown}
 d - a scroll of amnesia {unknown}
 e - a scroll of teleportation {unknown}
 g - 3 scrolls of identify {unknown}
 i - a scroll of random uselessness {unknown}
Potions
 f - 4 potions of curing


   Skills:
 + Level 3.7 Fighting
 - Level 2.6 Dodging
 - Level 1.7 Stealth
 * Level 4.1 Unarmed Combat


You had 3 spell levels left.
You didn't know any spells.
Your spell library was empty.

Dungeon Overview and Level Annotations

Branches:
Dungeon (2/15)

Altars:


Innate Abilities, Weirdness & Mutations

You are partially covered in sharp spines.


Message History

You hit the ogre.
The ogre is heavily wounded.
The hobgoblin is struck by your spines. The hobgoblin misses you.
The ogre hits you with a +0 giant spiked club!!
Ouch! That really hurt!
You are too injured to fight recklessly!
You are too injured to fight recklessly!
You closely miss the hobgoblin.
The hobgoblin is heavily wounded.
The hobgoblin is struck by your spines.
You kill the hobgoblin!
It was a potion of flight.
You feel very buoyant.
You fly up into the air.
It was a potion of stabbing.
You feel ready to backstab. The ogre is struck by your spines.
The ogre hits you with a +0 giant spiked club!!
Ouch! That really hurt!
You die...

#..# ##.# ## ##
##.## #. .###
##...## #. ...#.#
#.....# #.###.....#
#.....# ##....#
#.....#### #.....#
##...###.###.###.###
#...# #.####.#.@O.#
..)..##...#
#.......##### ##.#
......
#.......###### #.#
.)....
#............# #.#
..... #.......####.#
#.# #...# #.......#
#.####.####...#
#.##.##.#
#..........)...
#.##.##.##
######.##..†.##
#.##.##..#
#.....#.....#


You could see an ogre.

Vanquished Creatures
  5 adders (D:2)
  3 dart slugs (D:1)
  A leopard gecko (D:2)
  5 bats
  A goblin (D:2)
  6 hobgoblins
  7 kobolds
  3 rats
31 creatures vanquished.

Notes
Turn   | Place    | Note
-------+----------+-------------------------------------------
     0 | D:1      | Alarkh the Demonspawn Monk began the quest for the Orb.
     0 | D:1      | Reached XP level 1. HP: 18/18 MP: 1/1
   104 | D:1      | Reached skill level 3 in Unarmed Combat
   202 | D:1      | Gained mutation: You are partially covered in sharp spines.
                  | [demonic ancestry]
   202 | D:1      | Reached XP level 2. HP: 24/24 MP: 2/2
   752 | D:2      | Reached XP level 3. HP: 29/29 MP: 3/3
  1016 | D:2      | Reached skill level 4 in Unarmed Combat
  1016 | D:2      | Reached XP level 4. HP: 22/37 MP: 4/4
  1298 | D:2      | Noticed an ogre
  1315 | D:2      | Mangled by an ogre

Illustrated notes

Levels and vault maps discovered:
D:1:      scummos_arrival_gate, layout_loops_cross, minmay_pentomino_z4
D:2:      layout_loops_ring

Skill      XL: |  1  2  3 |
---------------+----------+-----
Unarmed Combat | 3 4 |  4.1
Fighting       | |  3.7
Dodging        | |  2.6
Stealth        | |  1.7

Action                   |  1- 3 |  4- 6 || total
-------------------------+-------+-------++-------
Melee: Unarmed           |    80 |    14 ||    94
       Punch             |     1 |       ||     1
  Use: Potion            |     3 |     2 ||     5
 Stab: Sleeping          |     4 |     2 ||     6
Armor: Robe              |    15 |     2 ||    17
Dodge: Dodged            |    47 |     8 ||    55

Table legend: (Time is in decaauts)
 A = Elapsed time spent in this place.
 B = Non-inter-level travel time spent in this place.
 C = Inter-level travel time spent in this place.
 D = Time resting spent in this place.
 E = Time spent auto-exploring this place.
 F = Levels seen in this place.
 G = Mean time per level.
                   A        B        C        D        E       F      G
               +--------+--------+--------+--------+--------+-----+--------+
         Total |   1308 |   1269 |     39 |     64 |    992 |   2 |  654.0 |
       Dungeon |   1308 |   1269 |     39 |     64 |    992 |   2 |  654.0 |
               +--------+--------+--------+--------+--------+-----+--------+

Top non-repeatable levels by time:
     D:1: 728 daAuts
     D:2: 580 daAuts
